 Dungeon Crawl Stone Soup version 0.31-a0-303-gdc8c9485ea (webtiles) character file.

Game seed: 7573598809057644971

90668 pokeman the Sorcerer (level 15, -14/82 HPs)
             Began as a Deep Elf Hedge Wizard on July 16, 2023.
             Was a High Priest of Vehumet.
             Demolished by a dire elephant (32 damage)
             ... on level 5 of the Lair of Beasts.
             The game lasted 01:09:45 (24118 turns).

pokeman the Sorcerer (Deep Elf Hedge Wizard)       Turns: 24118, Time: 01:09:46

Health: -14/82     AC:  8    Str:  7    XL:     15   Next: 52%
Magic:  18/60      EV: 10    Int: 36    God:    Vehumet [*****.]
Gold:   954        SH:  7    Dex: 14    Spells: 6/56 levels left

rFire   + . .        k - staff of fire
rCold   + + .        n - +2 buckler {rC+}
rNeg    . . .        J - +0 ring mail of Okawaru's Regard {rC+ MP+9 Int+3}
rPois   .            c - +0 hat
rElec   .            L - +0 cloak
rCorr   .            r - +0 pair of gloves
SInv    .            (no boots)
Will    +....        z - amulet of regeneration
Stlth   ++           M - ring of magical power
HPRegen 1.13/turn    C - +6 ring of intelligence
MPRegen 0.37/turn

%: no passive effects
@: very slightly contaminated
A: no striking features
a: Renounce Religion


You were on level 5 of the Lair of Beasts.
You worshipped Vehumet.
Vehumet was extremely pleased with you.
You visited 3 branches of the dungeon, and saw 21 of its levels.
You also visited: Ice Cave.

You collected 2089 gold pieces.
You spent 1135 gold pieces at shops.

Inventory:

Hand Weapons
 f - a +1 hand axe of venom
Armour
 c - a +0 hat (worn)
 n - a +2 buckler of cold resistance (worn)
 r - a +0 pair of gloves (worn)
 J - the +0 ring mail of Okawaru's Regard (worn) {rC+ MP+9 Int+3}
   (You found it on level 8 of the Dungeon)

   Int:       It affects your intelligence (+3).
   rC:        It protects you from cold.
   MP:        It affects your magic capacity (+9).
 L - a +0 cloak (worn)
Magical Staves
 k - a staff of fire (weapon)
Jewellery
 a - the ring "Huis" {rF+ rN+ Will+ rCorr SInv}
   (You bought it in a shop on level 4 of the Dungeon)

   [ring of positive energy]

   rF:        It protects you from fire.
   rN:        It protects you from negative energy.
   SInv:      It lets you see invisible.
   rCorr:     It protects you from acid and corrosion.
   Will:      It increases your willpower.
 o - a ring of protection from fire
 z - an amulet of regeneration (around neck)
 C - a +6 ring of intelligence (right hand)
 M - a ring of magical power (left hand)
 Q - a ring of flight
Wands
 I - a wand of iceblast (24)
 W - a wand of polymorph (10)
Scrolls
 q - 16 scrolls of teleportation
 F - 6 scrolls of revelation
 G - 5 scrolls of blinking
 K - a scroll of fear {unknown}
 R - a scroll of brand weapon {unknown}
 S - a scroll of fog {unknown}
 Y - 3 scrolls of enchant weapon {unknown}
Potions
 b - a potion of mutation
 d - 4 potions of magic
 j - 10 potions of curing
 u - 2 potions of lignification {unknown}
 v - 4 potions of cancellation {unknown}
 B - 3 potions of haste {unknown}
 D - 5 potions of might {unknown}
 E - 4 potions of heal wounds
 H - a potion of enlightenment {unknown}
 O - 2 potions of berserk rage {unknown}
 U - a potion of ambrosia {unknown}
 X - a potion of invisibility {unknown}
Miscellaneous
 m - a condenser vane
 V - a lightning rod (4/4)


   Skills:
 - Level 5.0 Fighting
 + Level 5.8 Armour
 - Level 3.0 Dodging
 - Level 3.0 Stealth
 - Level 6.0 Shields
 * Level 21.3 Spellcasting
 + Level 13.0 Conjurations
 - Level 1.1 Summonings
 - Level 1.0 Necromancy
 - Level 1.1 Translocations
 - Level 1.1 Transmutations
 + Level 12.4 Fire Magic
 - Level 1.4 Ice Magic
 - Level 1.3 Air Magic
 + Level 11.7 Earth Magic
 - Level 1.0 Poison Magic
 - Level 1.0 Evocations


You had 6 spell levels left.
You knew the following spells:

 Your Spells              Type           Power      Damage    Failure   Level
a - Magic Dart            Conj           100%       1d8       0%          1
b - Mephitic Cloud        Conj/Pois/Air  66%        N/A       1%          3
c - Call Imp              Summ           92%        N/A       3%          2
d - Blink                 Tloc           92%        N/A       3%          2
e - Foxfire               Conj/Fire      100%       2x1d9     0%          1
f - Iskenderun's Battles  Conj           93%        2d14      1%          5
g - Fireball              Conj/Fire      57%        3d22      1%          5
h - Lee's Rapid Deconstr  Erth           44%        3d21*     1%          5
i - Leda's Unmaking       Conj/Erth      45%        9d8       1%          6
j - Irradiate             Conj/Tmut      36%        3d23      1%          5
k - Swiftness             Air            47%        N/A       6%          3
l - Freezing Cloud        Conj/Ice/Air   33%        6-21      3%          5
m - Orb of Destruction    Conj           46%        9d12      4%          7

Your spell library contained the following spells:

 Spells                   Type           Power      Damage    Failure   Level
 Necrotise                Necr           100%       1d9       1%          1
 Passwall                 Tmut/Erth      59%        N/A       1%          2
 Poisonous Vapours        Pois/Air       92%        N/A       1%          2
 Static Discharge         Conj/Air       100%       2-7/arc   1%          2
 Hailstorm                Conj/Ice       74%        3d15      1%          3
 Animate Armour           Summ/Erth      100%       N/A       2%          4
 Petrify                  Tmut/Erth      71%        N/A       2%          4
 Slow                     Hex            100%       N/A       3%          1
 Cigotuvi's Dreadful Rot  Necr/Pois/Air  92%        N/A       3%          2
 Ensorcelled Hibernation  Hex/Ice        86%        N/A       3%          2
 Sublimation of Blood     Necr           46%        N/A       3%          2
 Airstrike                Air            23%        2d(4-20)  5%          4
 Gell's Gravitas          Tloc           46%        N/A       6%          3
 Vampiric Draining        Necr           46%        2d9       6%          3
 Portal Projectile        Hex/Tloc       84%        N/A       8%          3
 Summon Ice Beast         Ice/Summ       47%        N/A       19%         4
 Summon Lightning Spire   Summ/Air       47%        N/A       21%         4
 Agony                    Necr           46%        N/A       50%         5
 Summon Forest            Summ/Tloc      23%        N/A       50%         5
 Simulacrum               Ice/Necr       23%        N/A       96%         6
 Spellforged Servitor     Conj/Summ      36%        N/A       36%         7


Dungeon Overview and Level Annotations

Branches:
Dungeon (15/15)            Temple (1/1) D:6            Lair (5/5) D:8
  Swamp (0/4) Lair:3       Spider (0/4) Lair:3        Slime (0/5) Lair:5
    Orc (0/2) D:10         Vaults (0/5) D:13         Depths (0/4) D:15
  IceCv (visited)

Altars:
Ashenzari
Cheibriados
Dithmenos
Elyvilon
Fedhas
Gozag
Hepliaklqana
Kikubaaqudgha
Makhleb
Nemelex Xobeh
Okawaru
Qazlal
Ru
Sif Muna
Trog
Uskayaw
Vehumet
Wu Jian
Xom
Yredelemnul
Zin
Jiyva

Shops:
D:3 [   D:4 =   D:5 :   D:7 :?![   D:14 :   D:15 [

Annotations:
D:8 2 transporters, pigah's ghost, novice OpWn


Message History

The dire elephant is heavily wounded.
A freezing mist starts to gather...
A dire elephant simulacrum comes into view.
The dire elephant tramples you!
You stumble backwards!
Your Conjurations skill increases to level 13!
Unknown command.
Casting: Fireball (safe; 1% risk of failure)
Confirm with . or Enter, or press ? or * to list all spells.
Aiming: Fireball (safe; 1% risk of failure)
Press: ? - help, Shift-Dir - straight line You feel a surge of power!
The fireball explodes!
The fireball engulfs the dire elephant simulacrum!!
The dire elephant simulacrum melts!
The dire elephant simulacrum is heavily damaged.
The fireball engulfs the dire elephant!!
The dire elephant is severely wounded.
The necromancer casts a spell.
The necromancer binds the souls of nearby monsters.
The dire elephant barely misses you. You block the dire elephant's attack.
Unknown command.
Casting: Fireball (safe; 1% risk of failure)
Confirm with . or Enter, or press ? or * to list all spells.
Aiming: Fireball (safe; 1% risk of failure)
Press: ? - help, Shift-Dir - straight line You feel a surge of power!
The fireball explodes!
The fireball engulfs the dire elephant simulacrum!!!
The dire elephant simulacrum melts!
The dire elephant simulacrum vaporises!
You hear a sizzling sound!
The fireball engulfs the elephant zombie!
The elephant zombie is lightly damaged.
The fireball engulfs the dire elephant!
The dire elephant is almost dead.
The dire elephant tramples you!!
* * * LOW HITPOINT WARNING * * *
You stumble backwards!
Casting: Fireball (safe; 1% risk of failure)
Confirm with . or Enter, or press ? or * to list all spells.
You conjure a globe of magical energy.
The dire elephant tramples you!!
You die...

8..8##8.#......#.#.#...........
#....#8..'.........#.#...#......
#....#P⌠.'...°....#.#.#...#.....
#.[[.#8P.'.......#.#...#.#......
#8|?8##8.#......#.#.#...#.#.....
########.#....p..#.#...#.#....#.
#.#....Z...#.#...#.#....#
#.#.....Y.#.#..........##
#.#♣....@.##.......#...##
##.#.....*..#P......##...#
#.......P##..........##
#.......###....P.#...##
#♣.......###.......#..##
##P........##..+#....~..~
#...................~~~~~
#.................~~~≈≈≈≈
♣.................~≈≈~≈≈≈


You could see a dire elephant (soul bound), a necromancer, an elephant zombie
and a friendly battlesphere.

Vanquished Creatures
  A frost giant (IceCv)
  A dire elephant (Lair:5)
  Harold (D:8)
  3 vault guards (D:13)
  2 catoblepae
  3 hydras
  3 centaur warriors
  4 two-headed ogres
  5 boulder beetles
  2 death knights
  5 death yaks
  A vampire mage (D:15)
  The ghost of Ozocioga the Zephyrmancer, a journeyman TeAE of Gozag (Lair:2)
  A fire crab (shapeshifter) (D:13)
  A skeletal warrior (D:15)
  Amaemon (Lair:1)
  A spectral anaconda (Lair:5)
  2 spectral death yaks (Lair:2)
  An obsidian statue (Lair:5)
  A lindwurm (Lair:4)
  A wizard (D:13)
  Pikel (D:5)
  2 orc knights (D:13)
  A necromancer (D:15)
  2 deep elf pyromancers
  14 ugly things
  3 cyclopes
  A wolf spider (D:15)
  2 manticores
  A fire giant zombie (D:15)
  A will-o-the-wisp (Lair:3)
  A frost giant skeleton (D:15)
  25 elephants
  An ice statue (IceCv)
  20 cane toads
  A black mamba (Lair:2)
  An orange demon (Lair:1)
  12 rime drakes
  8 komodo dragons
  3 efreet
  An unseen horror (D:10)
  A freezing wraith (D:15)
  2 kobold demonologists
  6 ice devils (Lair:2)
  A tengu conjurer (D:13)
  7 trolls
  A meliai (shapeshifter) (D:15)
  12 polar bears
  A guardian mummy (D:15)
  A hornet (D:7)
  A tarantella (shapeshifter) (D:14)
  10 dream sheep
  5 blink frogs (Lair:3)
  A spriggan zombie (D:15)
  2 jumping spiders (Lair:3)
  Sigmund (D:4)
  A spriggan skeleton (D:15)
  15 slime creatures
  2 shadows (D:10)
  2 culicivoras (Lair:3)
  A human (D:13)
  48 yaks
  5 wraiths
  3 vampires
  3 wyverns
  5 redbacks (Lair:3)
  2 basilisks (Lair:3)
  2 vampire mosquitoes (D:11)
  A death yak simulacrum (Lair:5)
  A spectral komodo dragon (Lair:2)
  A steam dragon (D:8)
  2 spectral cane toads
  A hydra simulacrum (Lair:2)
  2 two-headed ogre zombies (D:10)
  2 acid dragons
  15 water moccasins
  A sky beast (D:8)
  4 orc warriors
  A black mamba simulacrum (Lair:2)
  3 black bears
  An ogre (D:5)
  5 boggarts (D:12)
  21 wolves
  11 centaurs
  2 phantoms
  2 lemures (D:5)
  14 bullfrogs
  3 gnoll sergeants
  3 scorpions
  An entropy weaver simulacrum (Lair:2)
  A cane toad simulacrum (Lair:5)
  A wight (D:10)
  A troll zombie (D:10)
  15 killer bees
  An elephant simulacrum (Lair:5)
  6 electric eels
  2 howler monkeys
  9 hounds
  5 orc priests
  A gnoll bouda (D:6)
  4 jellies
  6 iguanas
  8 orc wizards
  A polar bear simulacrum (Lair:2)
  A troll simulacrum (Lair:2)
  5 ogre zombies (D:10)
  23 gnolls
  8 adders
  A shadow imp (D:5)
  An ufetubus (D:5)
  2 worms (D:2)
  2 dart slugs (D:1)
  40 orcs
  9 endoplasms
  2 giant cockroaches
  6 goblins
  8 hobgoblins
  3 quokkas
  6 ball pythons
  8 bats
  4 frilled lizards
  2 goblin zombies (D:10)
  2 hobgoblin zombies (D:10)
  11 kobolds
  4 orc skeletons (D:10)
  15 orc zombies (D:10)
  21 rats
625 creatures vanquished.

Vanquished Creatures (others)
  2 orc zombies (D:10)
2 creatures vanquished.

Grand Total: 627 creatures vanquished

Notes
Turn   | Place    | Note
-------+----------+-------------------------------------------
     0 | D:1      | pokeman the Deep Elf Hedge Wizard began the quest for the
                  | Orb.
     0 | D:1      | Reached XP level 1. HP: 10/10 MP: 7/7
   465 | D:1      | Reached XP level 2. HP: 12/16 MP: 5/9
   855 | D:1      | Reached skill level 5 in Spellcasting
   902 | D:1      | Reached XP level 3. HP: 20/20 MP: 5/11
   911 | D:1      | Learned a level 3 spell: Mephitic Cloud
   914 | D:1      | Learned a level 2 spell: Call Imp
   918 | D:1      | Learned a level 2 spell: Blink
  1550 | D:2      | Reached skill level 1 in Armour
  1562 | D:2      | Reached skill level 1 in Fighting
  1569 | D:2      | Reached XP level 4. HP: 22/25 MP: 3/13
  1702 | D:2      | Got the Vellum of the Azure Map
  2044 | D:2      | Found a faded altar of an unknown god.
  2419 | D:3      | Reached skill level 6 in Spellcasting
  2419 | D:3      | Reached XP level 5. HP: 29/29 MP: 10/15
  2793 | D:3      | Learned a level 5 spell: Irradiate
  3210 | D:3      | Found Ytzo's Antique Armour Shop.
  3332 | D:4      | Reached skill level 1 in Fire Magic
  3370 | D:4      | Found Giodaym's One-of-a-Kind Rings.
  3390 | D:4      | Reached skill level 1 in Poison Magic
  3390 | D:4      | Reached skill level 1 in Evocations
  3394 | D:4      | Reached skill level 1 in Transmutations
  3394 | D:4      | Reached skill level 1 in Air Magic
  3394 | D:4      | Reached XP level 6. HP: 34/34 MP: 6/17
  3642 | D:4      | Reached skill level 7 in Spellcasting
  3657 | D:4      | Noticed Sigmund
  3672 | D:4      | Killed Sigmund
  3673 | D:4      | Reached XP level 7. HP: 35/39 MP: 15/20
  3928 | D:5      | Entered Level 5 of the Dungeon
  4062 | D:5      | Noticed Pikel
  4065 | D:5      | Reached skill level 8 in Spellcasting
  4082 | D:5      | Killed Pikel
  4083 | D:5      | Reached skill level 9 in Spellcasting
  4083 | D:5      | Reached XP level 8. HP: 18/44 MP: 19/23
  4492 | D:5      | Reached skill level 5 in Conjurations
  4581 | D:5      | Found Wuqieh's Book Shoppe.
  4689 | D:5      | Learned a level 5 spell: Iskenderun's Battlesphere
  4696 | D:5      | Learned a level 6 spell: Leda's Unmaking
  4946 | D:6      | Reached skill level 1 in Earth Magic
  4970 | D:6      | Reached skill level 10 in Spellcasting
  5247 | D:6      | Found a staircase to the Ecumenical Temple.
  5256 | D:6      | Identified the +0 sling of the Gloaming {antimagic, rPois}
  5262 | Temple   | Entered the Ecumenical Temple
  5279 | Temple   | Became a worshipper of Vehumet
  5349 | D:6      | Reached XP level 9. HP: 48/48 MP: 6/25
  5499 | D:6      | Found a hazy altar of Hepliaklqana.
  5947 | D:7      | Learned a level 5 spell: Lee's Rapid Deconstruction
  6031 | D:7      | Found Fisaenka's Distillery.
  6061 | D:7      | Reached skill level 11 in Spellcasting
  6061 | D:7      | Reached skill level 5 in Fire Magic
  6063 | D:7      | Found Sebyojech's Antique Armour Emporium.
  6067 | D:7      | Found Foimome's Magic Scroll Emporium.
  6225 | D:7      | Bought a scroll of identify for 32 gold pieces
  6225 | D:7      | Bought a scroll of teleportation for 48 gold pieces
  6225 | D:7      | Bought a scroll of revelation for 120 gold pieces
  6225 | D:7      | Bought a scroll of identify for 32 gold pieces
  6225 | D:7      | Bought a scroll of blinking for 120 gold pieces
  6239 | D:7      | Bought a potion of curing for 45 gold pieces
  6391 | D:7      | Found Docapelulu's Book Shop.
  6440 | D:8      | Reached * piety under Vehumet
  6440 | D:8      | Offered knowledge of Foxfire by Vehumet.
  6444 | D:8      | Learned a level 1 spell: Foxfire
  6514 | D:8      | Noticed a troll
  6516 | D:8      | Found a staircase to the Lair.
  6519 | D:8      | Killed a troll
  6657 | D:8      | Identified the +0 ring mail of Okawaru's Regard {rC+ MP+9
                  | Int+3}
  6665 | D:8      | Reached skill level 12 in Spellcasting
  6850 | D:8      | Reached XP level 10. HP: 56/56 MP: 21/28
  6926 | D:8      | Found a transporter.
  6929 | D:8      | Noticed pigah's ghost (novice OpWn)
  6937 | D:8      | Offered knowledge of Scorch by Vehumet.
  7043 | D:8      | Found a transporter.
  7192 | D:8      | Reached ** piety under Vehumet
  7501 | D:9      | Noticed Harold
  7595 | D:8      | Killed Harold
  7596 | D:8      | Reached skill level 1 in Ice Magic
  8260 | D:9      | Reached skill level 13 in Spellcasting
  8260 | D:9      | Reached skill level 5 in Earth Magic
  8336 | D:9      | Found a white marble altar of Elyvilon.
  8417 | D:9      | Found a shimmering blue altar of Sif Muna.
  8422 | D:9      | Found a sacrificial altar of Ru.
  8425 | D:9      | Found a blossoming altar of Fedhas.
  8425 | D:9      | Found a snail-covered altar of Cheibriados.
  8432 | D:9      | Found a basalt altar of Yredelemnul.
  8575 | D:7      | Bought a potion of heal wounds for 75 gold pieces
  8575 | D:7      | Bought a potion of magic for 120 gold pieces
  8642 | D:10     | Entered Level 10 of the Dungeon
  8748 | D:10     | Noticed a two-headed ogre
  8753 | D:10     | Offered knowledge of Momentum Strike by Vehumet.
  8854 | D:10     | Killed a two-headed ogre
  8940 | D:10     | Reached *** piety under Vehumet
  8971 | D:10     | Found a glowing silver altar of Zin.
  9151 | D:10     | Reached XP level 11. HP: 62/62 MP: 30/30
  9263 | D:10     | Offered knowledge of Iskenderun's Mystic Blast by Vehumet.
  9433 | D:10     | Found a staircase to the Orcish Mines.
  9564 | D:10     | Noticed a two-headed ogre
  9574 | D:10     | Killed a two-headed ogre
  9575 | D:10     | Reached skill level 14 in Spellcasting
  9651 | D:10     | Reached **** piety under Vehumet
  9655 | D:10     | Reached skill level 5 in Fighting
  9659 | D:10     | Offered knowledge of Fireball by Vehumet.
  9705 | D:9      | Learned a level 5 spell: Fireball
 10302 | D:11     | Noticed a green ugly thing
 10304 | D:11     | Killed a green ugly thing
 10453 | D:11     | Found a shimmering altar of Xom.
 10472 | D:11     | Learned a level 3 spell: Swiftness
 10525 | D:11     | Noticed a boulder beetle
 10529 | D:11     | Killed a boulder beetle
 10820 | D:11     | Noticed a boulder beetle
 10825 | D:11     | Killed a boulder beetle
 10826 | D:11     | Reached skill level 15 in Spellcasting
 11282 | D:4      | Bought the ring "Huis" {rF+ rN+ Will+ rCorr SInv} for 543
                  | gold pieces
 11564 | D:12     | Noticed a two-headed ogre
 11574 | D:12     | Killed a two-headed ogre
 11802 | D:12     | Noticed a two-headed ogre
 11811 | D:12     | Reached XP level 12. HP: 64/68 MP: 33/33
 11813 | D:12     | Killed a two-headed ogre
 12350 | D:13     | Noticed a death knight
 12354 | D:13     | Killed a death knight
 12361 | D:13     | Reached skill level 16 in Spellcasting
 12363 | D:13     | Noticed an eight-headed hydra
 12365 | D:13     | Killed an eight-headed hydra
 12368 | D:13     | Reached ***** piety under Vehumet
 12665 | D:13     | Offered knowledge of Eringya's Noxious Bog by Vehumet.
 12666 | D:13     | Reached skill level 5 in Armour
 12697 | D:13     | Noticed a vault guard
 12702 | D:13     | Noticed a boulder beetle
 12706 | D:13     | Killed a boulder beetle
 12709 | D:13     | Killed a vault guard
 12773 | D:13     | Reached skill level 1 in Shields
 12815 | D:13     | Noticed a vault guard
 12831 | D:13     | Killed a vault guard
 12832 | D:13     | Reached skill level 10 in Conjurations
 12843 | D:13     | Learned a level 5 spell: Freezing Cloud
 12885 | D:13     | Found a gate to the Vaults.
 12885 | D:13     | Noticed a vault guard
 12923 | D:13     | Killed a vault guard
 13222 | D:13     | Reached skill level 17 in Spellcasting
 13522 | D:14     | Reached XP level 13. HP: 72/72 MP: 25/36
 14056 | D:14     | Found Kopun's Book Shoppe.
 14309 | D:14     | Reached skill level 10 in Fire Magic
 14828 | D:15     | Entered Level 15 of the Dungeon
 15017 | D:15     | Reached skill level 18 in Spellcasting
 15395 | D:15     | Found Wataases's Armour Boutique.
 15597 | D:15     | Found a staircase to the Depths.
 15773 | D:15     | Offered knowledge of Sticky Flame by Vehumet.
 16323 | Lair:1   | Entered Level 1 of the Lair of Beasts
 16323 | Lair:1   | Noticed Amaemon
 16328 | Lair:1   | Killed Amaemon
 16742 | Lair:1   | Found a shimmering altar of Xom.
 16893 | Lair:1   | Reached skill level 1 in Necromancy
 17095 | Lair:2   | Noticed Ozocioga's ghost (journeyman TeAE)
 17252 | Lair:2   | Found a frozen archway.
 17255 | Lair:2   | Reached XP level 14. HP: 78/78 MP: 38/38
 17278 | IceCv    | Entered an ice cave
 17387 | IceCv    | Reached skill level 10 in Earth Magic
 17394 | IceCv    | Reached skill level 19 in Spellcasting
 17972 | IceCv    | Noticed a frost giant
 17977 | IceCv    | Killed a frost giant
 17978 | IceCv    | Reached skill level 5 in Shields
 18474 | Lair:2   | Found a runed translucent gate.
 18474 | Lair:2   | Found a runed translucent gate.
 18474 | Lair:2   | Found a runed translucent gate.
 18845 | Lair:2   | Offered knowledge of Orb of Destruction by Vehumet.
 18857 | Lair:2   | Learned a level 7 spell: Orb of Destruction
 19361 | Lair:2   | Killed Ozocioga's ghost
 19371 | Lair:2   | Reached skill level 20 in Spellcasting
 19681 | Lair:3   | Found a staircase to the Swamp.
 19751 | Lair:3   | Found a hole to the Spider Nest.
 20002 | Lair:3   | Identified the +2 leather armour of Ylor Uto {rF- rN++
                  | Str+4}
 21024 | Lair:4   | Reached XP level 15. HP: 82/82 MP: 28/41
 22359 | Lair:5   | Entered Level 5 of the Lair of Beasts
 22637 | Lair:5   | Reached skill level 21 in Spellcasting
 23041 | Lair:5   | Found a staircase to the Slime Pits.
 23041 | Lair:5   | Found a viscous altar of Jiyva.
 24118 | Lair:5   | Demolished by a dire elephant

Illustrated notes

Levels and vault maps discovered:
D:1:      elethiomel_arrival_infinity_welcomes_careful_drivers,
          layout_loops_ring, nrook_uturn
D:2:      layout_rooms, nicolae_ecumenical_snake_handling, chequers_big_river
D:3:      layout_basic, serial_shops, nicolae_lakefront_shop,
          hangedman_abyss_or_decor_lesser_grid, minmay_rat_hole
D:4:      layout_rooms, nicolae_shop_unique_rings, grunt_decor_resistance,
          uniq_sigmund
D:5:      layout_loops_cross, serial_shops, kennysheep_mini, uniq_pikel
D:6:      layout_basic, nicolae_hepliaklqana_hazy_memory, temple_statues
D:7:      layout_rooms, serial_shops, nicolae_shop_gibbet_a_chance,
          nicolae_shop_crystal, shop, nicolae_book_shop_shelving
D:8:      layout_basic, erik_lair_island, gammafunk_ghost_arena
D:9:      minmay_goldmine, layout_cave_pools, lemuel_doored_altar,
          nicolae_overflow_hallway_of_the_gods, nicolae_sextant, uniq_harold
D:10:     lemuel_flame_loot_2, layout_basic, nicolae_overflow_hidden_temple,
          zombieorc2_lemuel, minmay_circle_x
D:11:     layout_small_grid, tgw_xom
D:12:     layout_basic
D:13:     layout_loops_cross, grunt_vaults_entry_fortified
D:14:     layout_basic, nicolae_water_bricks, serial_shops,
          nicolae_shop_pleasant_corner_grove
D:15:     gammafunk_depths_entry_grave, layout_rooms, serial_shops,
          nicolae_shop_tiny_statue_garden, hangedman_decor_points
Temple:   nicolae_temple_ecumenical_triangle
Lair:1:   layout_roguey, basic_altar, uniq_amaemon
Lair:2:   dreamdust_isle_of_ice, layout_gridlike, gammafunk_ghost_necromancy,
          portal_ice_cave_demonic_guard
Lair:3:   layout_cave_pods, minmay_swamp_entry_wisps,
          nicolae_spider_entry_tight_spaces
Lair:4:   layout_small_grid
Lair:5:   due_jungle_book, layout_regular_city, nicolae_slime_entry_slimehenge,
          minivault_23, grunt_megastairs_4, infiniplex_staircase_pool_2,
          serial_bayou_shore_b

Skill      XL: |  1  2  3  4  5  6  7  8  9 10 11 12 13 14 15 |
---------------+----------------------------------------------+-----
Spellcasting   | 5 6 7 9 10 12 13 15 17 18 20 21 | 21.3
Armour         | 1 2 3 4 5 |  5.8
Fighting       | 1 2 3 4 5 |  5.0
Conjurations   | 2 3 4 5 6 7 9 10 11 12 13 | 13.0
Stealth        | 3 |  3.0
Dodging        | 3 |  3.0
Fire Magic     | 1 2 3 4 5 7 8 9 10 11 12 | 12.4
Poison Magic   | 1 |  1.0
Evocations     | 1 |  1.0
Transmutations | 1 |  1.1
Air Magic      | 1 |  1.3
Earth Magic    | 2 4 5 7 8 9 11 | 11.7
Ice Magic      | 1 |  1.4
Shields        | 2 4 6 |  6.0
Necromancy     | 1 |  1.0
Summonings     | |  1.1
Translocations | |  1.1

Action                     |  1- 3 |  4- 6 |  7- 9 | 10-12 | 13-15 || total
---------------------------+-------+-------+-------+-------+-------++-------
  Melee: Hand axe          |    14 |    38 |    92 |    38 |       ||   182
         Punch             |       |     2 |     2 |       |       ||     4
         Staff             |       |       |       |       |     2 ||     2
  Throw: Dart              |       |     1 |       |       |       ||     1
   Cast: Magic Dart        |    75 |   115 |   149 |   170 |     7 ||   516
         Mephitic Cloud    |     3 |     8 |    26 |    35 |     7 ||    79
         Iskenderun's Batt |       |       |    10 |    29 |     3 ||    42
         Blink             |       |       |     3 |     5 |     5 ||    13
         Call Imp          |       |       |     1 |     2 |     2 ||     5
         Fireball          |       |       |       |   108 |   378 ||   486
         Lee's Rapid Decon |       |       |       |     4 |    33 ||    37
         Freezing Cloud    |       |       |       |       |     7 ||     7
         Leda's Unmaking   |       |       |       |       |     5 ||     5
    Use: Scroll            |       |       |       |     8 |     5 ||    13
   Stab: Sleeping          |     1 |     1 |       |       |       ||     2
         Confused          |     2 |     4 |    12 |     5 |       ||    23
 Armour: Robe              |     5 |     3 |     6 |     5 |       ||    19
         Leather armour    |       |       |       |     8 |       ||     8
         Ring mail         |       |       |       |     5 |     7 ||    12
  Dodge: Dodged            |     8 |    29 |   104 |    55 |    17 ||   213
  Block: Buckler           |       |       |       |       |     6 ||     6

Table legend: (Time is in decaauts)
 A = Elapsed time spent in this place.
 B = Non-inter-level travel time spent in this place.
 C = Inter-level travel time spent in this place.
 D = Time resting spent in this place.
 E = Time spent auto-exploring this place.
 F = Levels seen in this place.
 G = Mean time per level.
                   A        B        C        D        E       F      G
               +--------+--------+--------+--------+--------+-----+--------+
         Total |  24223 |  22771 |   1452 |   2213 |  17178 |  22 | 1101.0 |
       Dungeon |  16435 |  15412 |   1023 |   1177 |  11899 |  15 | 1095.7 |
        Temple |    130 |    111 |     19 |      0 |     11 |   1 |  130.0 |
          Lair |   6743 |   6333 |    410 |    862 |   4728 |   5 | 1348.6 |
      Ice Cave |    914 |    914 |      0 |    174 |    539 |   1 |  914.0 |
               +--------+--------+--------+--------+--------+-----+--------+

Top non-repeatable levels by time:
  Lair:4: 1701 daAuts
  Lair:2: 1533 daAuts
    D:14: 1418 daAuts
    D:10: 1405 daAuts
     D:1: 1389 daAuts
  Lair:3: 1340 daAuts
     D:8: 1321 daAuts
    D:13: 1278 daAuts
  Lair:5: 1277 daAuts
     D:9: 1148 daAuts
    D:15: 1052 daAuts
     D:2: 1034 daAuts
    D:11: 1030 daAuts
    D:12: 1005 daAuts
     D:5: 996 daAuts
